 Dungeon Crawl Stone Soup version 0.24-a0-251-g44e327e (webtiles) character file.

Game seed: 871528967686144984

20196 Lanoc the Carver (level 12, -3/89 HPs)
             Began as an Octopode Monk on Apr 16, 2019.
             Was the Champion of Zin.
             Slain by a two-headed hydra (16 damage)
             ... on level 9 of the Dungeon.
             The game lasted 00:30:20 (14995 turns).

Lanoc the Carver (Octopode Monk)                   Turns: 14995, Time: 00:30:20

Health: -3/89      AC:  1    Str: 12    XL:     12   Next: 77%
Magic:  16/16      EV: 22    Int: 12    God:    Zin [******]
Gold:   1378       SH:  0    Dex: 20    Spells: 11/11 levels left

rFire    + + .     SeeInvis .   i - +4 scimitar (flame)
rCold    . . .     Gourm    .   (no shield)
rNeg     . . .     Faith    .   h - +0 hat
rPois    .         Spirit   .   r - amulet of the acrobat
rElec    .         Reflect  .   j - +2 ring of strength
rCorr    .         Harm     .   s - ring of protection from fire
MR       .....                  x - ring of stealth
Stlth    +++++.....             C - ring of protection from fire
HPRegen  0.24/turn              t - ring of flight
MPRegen  0.15/turn              (no ring)
                                (no ring)
                                (no ring)

@: no status effects
A: almost no armour, stealthy swim, amphibious, 8 rings, constrict 8, camouflage
1, gelatinous body 1
a: Recite, Vitalisation, Imprison, Sanctuary, Donate Gold, Renounce Religion,
Evoke Flight


You were on level 9 of the Dungeon.
You worshipped Zin.
Zin was exalted by your worship.
You were very hungry.

You visited 3 branches of the dungeon, and saw 15 of its levels.
You also visited: Ossuary and Bailey.

You collected 1603 gold pieces.
You spent 102 gold pieces at shops.
You donated 123 gold pieces to Zin.

Inventory:

Hand Weapons
 i - a +4 scimitar of flaming (weapon)
 l - a +2 great sword
Missiles
 m - 8 throwing nets (quivered)
Armour
 h - a +0 hat (worn)
 p - a +0 shield
Jewellery
 j - a +2 ring of strength (left tentacle)
 r - an amulet of the acrobat (around mantle)
 s - a ring of protection from fire (right tentacle)
 t - a ring of flight (on tentacle)
 x - a ring of stealth (on tentacle)
 C - a ring of protection from fire (on tentacle)
 D - an uncursed ring of fire
Wands
 w - a wand of digging (5)
 A - a wand of scattershot (5)
Scrolls
 a - 3 scrolls of immolation
 c - a scroll of enchant weapon
 d - 2 scrolls of magic mapping
 g - a scroll of fog
 q - 2 scrolls of amnesia
 u - 6 scrolls of remove curse
 v - 2 scrolls of identify
 y - 9 scrolls of teleportation
Potions
 e - a potion of agility
 f - 2 potions of curing
 k - a potion of mutation
 n - a potion of brilliance
 o - 2 potions of flight
 z - 2 potions of magic
 B - a potion of haste
Comestibles
 b - 25 rations


   Skills:
 + Level 10.8 Fighting
 * Level 14.4 Long Blades
 + Level 10.8 Dodging
 - Level 3.1 Stealth
 + Level 6.5 Invocations


You had 11 spell levels left.
You didn't know any spells.
Your spell library contained the following spells:

 Spells                   Type           Power        Failure   Level  Hunger
 Animate Skeleton         Necr           N/A          32%         1    ##.....
 Flame Tongue             Conj/Fire      #....        32%         1    ##.....
 Magic Dart               Conj           #...         32%         1    ##.....
 Searing Ray              Conj           #.....       45%         2    ###....
 Dazzling Spray           Conj/Hex       #.....       69%         3    ####...
 Vampiric Draining        Necr           #.........   69%         3    ####...
 Force Lance              Conj/Tloc      #.......     97%         4    #####..
 Fulminant Prism          Conj/Hex       #.........   97%         4    #####..
 Iskenderun's Mystic Bla  Conj           #.......     97%         4    #####..
 Bolt of Draining         Conj/Necr      #.........   100%        5    ######.
 Dispel Undead            Necr           #.......     100%        5    ######.
 Fireball                 Conj/Fire      #.........   100%        5    ######.


Dungeon Overview and Level Annotations

Branches:
Dungeon (13/15)            Temple (1/1) D:7            Lair (1/6) D:9
    Orc (0/2) D:9
 Vaults: D:13-14

Altars:
Ashenzari
Cheibriados
Dithmenos
Elyvilon
Fedhas
Gozag
Hepliaklqana
Kikubaaqudgha
Makhleb
Nemelex Xobeh
Okawaru
Qazlal
Ru
Sif Muna
Trog
Uskayaw
Vehumet
Wu Jian
Xom
Yredelemnul
Zin
The Shining One

Shops:
D:5 *[


Innate Abilities, Weirdness & Mutations

You cannot wear most types of armour.
You are very stealthy in the water. (Stealth+)
You are amphibious.
You can wear up to eight rings at the same time.
You can use your tentacles to constrict eight enemies at once.
Your skin changes colour to match your surroundings (Stealth+).
Your rubbery body absorbs attacks. (AC +1, EV +1)


Message History

You riposte.
You slash the three-headed hydra! You burn the three-headed hydra.
You squeeze the three-headed hydra.
The three-headed hydra is heavily wounded.
The three-headed hydra bites you.
The three-headed hydra barely misses you.
You lop one of the three-headed hydra's heads off!
The flame cauterises the wound!
You hit the two-headed hydra. You burn the two-headed hydra.
Your squeeze misses the two-headed hydra.
The two-headed hydra is severely wounded.
The two-headed hydra bites you!
* * * LOW HITPOINT WARNING * * *
The two-headed hydra bites you!
* * * LOW HITPOINT WARNING * * *
You feel better. The two-headed hydra misses you.
You riposte.
You hit the two-headed hydra. You burn the two-headed hydra.
You squeeze the two-headed hydra.
The two-headed hydra is almost dead.
The two-headed hydra bites you!
You die...

#### ##.###P..........# #.# #
##.##PP...PPP..P.# #.# #
#...#..PP.PPPP...## ##รท#
#######......P.PP.PPP...###..#
.....#....P.P.P....PPP....#.##
####.#.##..P.PP.PPP.PP......#
...<.#.##..PP...P..P..P..##.#
..........P.P.PP.P.PPP..P##.####
.....#[#.P.P.P..@.P.PPP........#
.###.#.#.PPPP..D...P..P.P##.##.#
.....#...PPPPP.....PP...P.#.##.#
########...PP...P..PPPP..)))##.#
..# #....P......PP....#[###.#
#.### #............P.P..#.###.#
....# ####P...P...P...........#
###.# #...PP.PPP....##.#####
....##### #....P....P.#.##.#


You could see a two-headed hydra.

Vanquished Creatures
  Gastronok (D:11)
  Erolcha (D:11)
  2 two-headed ogres
  Erica (D:8)
  2 tengu warriors (D:11)
  Nergalle (D:10)
  Pikel (D:7)
  An ugly thing (D:12)
  A manticore (D:11)
  A black mamba (Lair:1)
  Psyche (D:10)
  A troll (D:12)
  3 hippogriffs
  A shadow (D:12)
  A yak (D:9)
  A wyvern (D:9)
  3 hungry ghosts
  7 vampire mosquitoes
  A steam dragon (D:11)
  Duvessa (D:6)
  A water moccasin (Lair:1)
  3 porcupines (D:9)
  5 ice beasts
  10 orc warriors
  A black bear (D:9)
  3 slaves (D:7)
  3 sky beasts
  A necrophage (D:9)
  7 ogres
  2 phantoms
  2 centaurs (D:11)
  2 crocodiles
  A big kobold (D:7)
  8 bullfrogs
  8 gnoll sergeants (Bailey)
  Dowan (D:6)
  5 water moccasin zombies (Ossuary)
  A scorpion (D:7)
  4 killer bees (D:9)
  A howler monkey (D:6)
  8 wights
  2 crimson imps
  A centaur zombie (D:8)
  2 bullfrog zombies
  2 quasits
  10 hounds
  2 jellies
  7 orc priests
  A bullfrog skeleton (D:6)
  6 gnoll shamans (Bailey)
  A centaur skeleton (D:11)
  3 iguanas
  10 worker ants
  Natasha (twice) (D:3)
  14 orc wizards
  A killer bee zombie (D:10)
  9 big kobold zombies (Ossuary)
  A hound zombie (D:5)
  2 mummies (Ossuary)
  Robin (D:4)
  A worker ant zombie (D:6)
  A howler monkey zombie (D:9)
  29 gnolls
  16 adders
  4 shadow imps
  A white imp (D:6)
  6 adder zombies (Ossuary)
  2 adder skeletons
  3 worms
  3 dart slugs
  6 leopard geckos
  43 orcs
  5 bats
  A giant cockroach (D:2)
  3 gnoll zombies (Ossuary)
  11 goblins
  11 hobgoblins
  3 jackals (D:3)
  2 quokkas
  A ball python (D:3)
  4 frilled lizards
  6 hobgoblin zombies (Ossuary)
  11 kobolds
  4 kobold zombies (Ossuary)
  A leopard gecko zombie (D:6)
  An orc zombie (Ossuary)
  10 rats
375 creatures vanquished.

Vanquished Creatures (others)
  A scorpion (D:7)
  A worker ant (D:7)
  15 fungi (D:9)
  10 plants (D:9)
27 creatures vanquished.

Grand Total: 402 creatures vanquished

Notes
Turn   | Place    | Note
-------+----------+-------------------------------------------
     0 | D:1      | Lanoc the Octopode Monk began the quest for the Orb.
     0 | D:1      | Reached XP level 1. HP: 16/16 MP: 1/1
   272 | D:1      | Reached XP level 2. HP: 17/21 MP: 2/2
   840 | D:2      | Reached XP level 3. HP: 26/26 MP: 3/3
  1607 | D:3      | Noticed Natasha
  1616 | D:3      | Reached skill level 4 in Long Blades
  1616 | D:3      | Reached XP level 4. HP: 17/31 MP: 4/4
  1715 | D:3      | Killed Natasha
  1911 | D:3      | Noticed Natasha
  1918 | D:3      | Killed Natasha
  1918 | D:3      | Reached XP level 5. HP: 19/37 MP: 5/5
  2618 | D:4      | Reached skill level 5 in Long Blades
  2618 | D:4      | Reached XP level 6. HP: 31/43 MP: 6/6
  2729 | D:4      | Noticed Robin
  2748 | D:4      | Killed Robin
  3477 | D:4      | Gained mutation: Your spells are a little harder to cast,
                  | but a little more powerful. [potion of mutation]
  3477 | D:4      | Gained mutation: Your spells are harder to cast, but more
                  | powerful. [potion of mutation]
  3477 | D:4      | Gained mutation: You are agile. (Dex +2) [potion of
                  | mutation]
  3482 | D:4      | Reached XP level 7. HP: 15/49 MP: 7/7
  3820 | D:5      | Entered Level 5 of the Dungeon
  4085 | D:5      | Reached skill level 6 in Long Blades
  4557 | D:5      | Found Sesoofej's Armour Boutique.
  4564 | D:5      | Reached skill level 5 in Fighting
  5016 | D:5      | Reached skill level 5 in Dodging
  5032 | D:5      | Found Toeteriy's Assorted Antiques.
  5041 | D:5      | Bought a scroll labeled REMO LUKACEI for 21 gold pieces
  5041 | D:5      | Bought a bubbling golden potion for 18 gold pieces
  5041 | D:5      | Bought 3 scrolls labeled LAURHAX XUMEHE for 63 gold pieces
  5632 | D:6      | Reached XP level 8. HP: 40/55 MP: 8/8
  5639 | D:6      | Reached skill level 7 in Long Blades
  5856 | D:6      | Found a sand-covered staircase.
  5912 | Ossuary  | Entered an ossuary
  6234 | Ossuary  | Reached skill level 8 in Long Blades
  6701 | D:6      | Reached XP level 9. HP: 62/62 MP: 9/9
  6785 | D:6      | Reached skill level 11 in Long Blades
  6785 | D:6      | Reached XP level 10. HP: 73/73 MP: 10/10
  6919 | D:6      | Noticed Duvessa
  6919 | D:6      | Noticed Dowan
  6933 | D:6      | Killed Duvessa
  6939 | D:6      | Killed Dowan
  7258 | D:7      | Noticed Pikel
  7278 | D:7      | Killed Pikel
  7278 | D:7      | Reached skill level 12 in Long Blades
  7696 | D:7      | Found a staircase to the Ecumenical Temple.
  7898 | Temple   | Entered the Ecumenical Temple
  8055 | Temple   | Became a worshipper of Zin the Law-Giver
  8055 | Temple   | Reached * piety under Zin
  8055 | Temple   | Reached ** piety under Zin
  8055 | Temple   | Reached *** piety under Zin
  8388 | D:8      | HP: 1/74 [crocodile (11)]
  8390 | D:8      | Reached skill level 1 in Invocations
  8734 | D:8      | Noticed Erica
  8766 | D:8      | Killed Erica
  9016 | D:8      | Found an iron altar of Okawaru.
  9063 | D:8      | Identified the Incunabulum of the Unholy Blaze
  9213 | D:8      | Reached **** piety under Zin
  9570 | D:9      | Found a staircase to the Lair.
  9600 | D:9      | Reached XP level 11. HP: 50/80 MP: 12/12
  9711 | D:9      | Noticed a two-headed ogre
  9748 | D:9      | Killed a two-headed ogre
 10371 | D:9      | Found a shadowy altar of Dithmenos.
 10454 | D:9      | Found a staircase to the Orcish Mines.
 10538 | D:9      | Reached skill level 13 in Long Blades
 10642 | D:9      | Reached ***** piety under Zin
 10959 | D:10     | Entered Level 10 of the Dungeon
 11251 | D:10     | Noticed Psyche
 11256 | D:10     | Killed Psyche
 11670 | D:10     | Noticed Nergalle
 11677 | D:10     | Killed Nergalle
 11677 | D:10     | Reached skill level 10 in Fighting
 11677 | D:10     | Reached skill level 10 in Dodging
 11735 | D:11     | Noticed a two-headed ogre
 11745 | D:11     | Killed a two-headed ogre
 11851 | D:11     | Found a flagged portal.
 11892 | Bailey   | Entered a bailey
 12501 | Bailey   | Reached XP level 12. HP: 73/87 MP: 15/15
 12784 | Bailey   | Reached ****** piety under Zin
 12787 | Bailey   | Lost mutation: Your spells are harder to cast, but more
                  | powerful. [potion of mutation]
 12787 | Bailey   | Lost mutation: You are agile. (Dex +2) [potion of mutation]
 12787 | Bailey   | Lost mutation: Your spells are a little harder to cast, but
                  | a little more powerful. [potion of mutation]
 12853 | D:11     | Reached skill level 5 in Invocations
 12872 | D:11     | Noticed Gastronok
 12887 | D:11     | Killed Gastronok
 13225 | D:11     | Noticed Erolcha
 13243 | D:11     | Killed Erolcha
 13571 | D:11     | Noticed a tengu warrior
 13572 | D:11     | Noticed a tengu warrior
 13616 | D:11     | Killed a tengu warrior
 13616 | D:11     | Reached skill level 14 in Long Blades
 13620 | D:11     | Killed a tengu warrior
 14711 | D:13     | Noticed a tengu warrior
 14798 | Lair:1   | Entered Level 1 of the Lair of Beasts
 14926 | Lair:1   | Noticed a five-headed hydra
 14994 | D:9      | HP: 4/89 [two-headed hydra (10)]
 14995 | D:9      | Slain by a two-headed hydra

Levels and vault maps discovered:
D:1:      wander_arrival_peaceful_grave, layout_basic, minmay_close_crescents
D:2:      layout_basic
D:3:      layout_rooms, serial_bayou_pond_a, uniq_natasha
D:4:      cheibrodos_pilgrimage, layout_layer_cave, minmay_unequal, uniq_robin
D:5:      layout_layer_cave, first_ration, serial_shops, shop, shop
D:6:      layout_basic, enter_ossuary_5, minmay_fire_ice_demons, uniq_duvessa
D:7:      layout_cave_pods, minmay_temple_entry_junction, grunt_ogre_cave,
          minmay_between, uniq_pikel
D:8:      layout_basic, lemuel_crystal_altar, nicolae_straight_to_the_point,
          uniq_erica
D:9:      layout_loops_cross, grunt_dithmenos_shadows,
          due_lair_maze_entry_diamond, orc_0_dummy, hangedman_minor_gate_pass
D:10:     layout_gridville, uniq_nergalle, uniq_psyche
D:11:     layout_long_grid, enter_bailey_7, uniq_gastronok, uniq_erolcha
D:12:     layout_basic, water_boxes_lemuel
D:13:     layout_roguey, hangedman_vaults_entry_quadrant_bands
Temple:   regret_index_temple_chain_breaker
Lair:1:   layout_regular_city, minmay_holes, grunt_megastairs_5
Ossuary:  ossuary_tomb_2
Bailey:   bailey_polearm_gnolls_kennysheep, bailey

Skill      XL: |  1  2  3  4  5  6  7  8  9 10 11 12 |
---------------+-------------------------------------+-----
Long Blades    | 4 5 6 8 11 12 13 14 | 14.4
Stealth        | 3 |  3.1
Fighting       | 4 5 6 8 9 10 | 10.8
Dodging        | 4 5 6 8 9 10 | 10.8
Invocations    | 2 4 6 |  6.5

Action                   |  1- 3 |  4- 6 |  7- 9 | 10-12 || total
-------------------------+-------+-------+-------+-------++-------
Melee: Falchion          |    41 |       |       |       ||    41
       Constrict         |    22 |    30 |    62 |   127 ||   241
       Tentacles         |    15 |    27 |    72 |   195 ||   309
       Long sword        |    17 |    95 |   218 |   173 ||   503
       Scimitar          |       |       |       |   449 ||   449
Invok: Imprison          |       |       |       |     1 ||     1
Evoke: Wand              |       |       |       |    12 ||    12
  Use: Potion            |       |     4 |     8 |    15 ||    27
       Scroll            |       |     2 |    14 |     5 ||    21
 Stab: Sleeping          |    16 |     6 |    10 |    29 ||    61
       Distracted        |       |       |       |     4 ||     4
  Eat: Chunk             |     2 |     5 |     5 |    19 ||    31
       Ration            |       |       |     2 |     2 ||     4
Armor: Skin              |     2 |     4 |    32 |    13 ||    51
Dodge: Dodged            |    37 |    81 |   197 |   541 ||   856
       Rpst.: Falchion   |     6 |       |       |       ||     6
       Long sword        |     7 |    32 |    50 |    29 ||   118
       Scimitar          |       |       |       |    95 ||    95

Table legend:
 A = Non-vault XP
 B = Vault XP
 C = Vault XP percentage of total XP
 D = Non-vault monster count
 E = Vault monster count
 F = Vault count percentage of total count
                 A         B        C        D         E       F
            +---------+---------+-------+---------+---------+-------
      Total |   16135 |   10252 |  38.9 |     250 |     123 |  33.0
            +---------+---------+-------+---------+---------+-------
        D:1 |      18 |       6 |  25.0 |      10 |       3 |  23.1
        D:2 |      28 |       0 |   0.0 |      16 |       0 |   0.0
        D:3 |     139 |      33 |  19.2 |      28 |       1 |   3.4
        D:4 |     255 |     157 |  38.1 |       9 |      18 |  66.7
        D:5 |     415 |       0 |   0.0 |       9 |       0 |   0.0
        D:6 |     902 |     284 |  23.9 |      30 |       4 |  11.8
        D:7 |     372 |     862 |  69.9 |      16 |       5 |  23.8
        D:8 |    1198 |     886 |  42.5 |      15 |       1 |   6.2
        D:9 |    3813 |    1581 |  29.3 |      36 |      17 |  32.1
       D:10 |    1356 |    1214 |  47.2 |      26 |       2 |   7.1
       D:11 |    4840 |    3299 |  40.5 |      35 |       6 |  14.6
       D:12 |    2021 |       0 |   0.0 |      14 |       0 |   0.0
       D:13 |     176 |       0 |   0.0 |       4 |       0 |   0.0
     Lair:1 |     602 |       0 |   0.0 |       2 |       0 |   0.0
    Ossuary |       0 |     716 | 100.0 |       0 |      36 | 100.0
     Bailey |       0 |    1214 | 100.0 |       0 |      30 | 100.0
            +---------+---------+-------+---------+---------+-------
